[Event "Turkish Youth Teams U18 2024"]
[Site "Karaman"]
[Date "2024.04.22"]
[Round "4"]
[White "Engel, Ecrin Tuana"]
[Black "Nurdogan, Ilgin Destina"]
[Result "0-1"]
[ECO "B23"]
[WhiteElo "1619"]
[BlackElo "1633"]
[Annotator "NA RC COMBH"]
[PlyCount "72"]
[EventDate "2024.04.21"]
[EventType "team-tourn"]
[EventCountry "TUR"]
[SourceTitle "playchess.com"]
[Source "ChessBase"]
[SourceQuality "1"]
[TimeControl "5400+30"]

1. e4 c5 2. Nc3 Nc6 3. f4 d6 4. Nf3 g6 5. Bb5 Bd7 6. a4 Nd4 7. d3 Bg7 8. Bxd7+ Qxd7 9. O-O Nh6 10. Ne2 O-O 11. c3 Nxf3+ 12. Rxf3 d5 13. e5 d4 14. cxd4 cxd4 15. Ng3 Nf5 16. Nxf5 Qxf5 17. Qb3 Qd7 18. Bd2 Rac8 19. Re1 Rc6 20. Rf2 Rfc8 21. Rfe2 e6 22. a5 Bf8 23. Bb4 Bxb4 24. Qxb4 Rc2 25. Qb3 Rxe2 26. Rxe2 Rc1+ 27. Kf2 Qc6 28. Qb4 Qd5 29. Re4 Rc2+ 30. Kg3 Kg7 31. h3 Qa2 32. Qxd4 Rxb2 33. Qxa7 Rxg2+ 34. Kh4 Qd5 35. Qd4 Qxa5 36. Qb4 Qd8+ 0-1

[Event "Turkish Youth Teams U18 2024"]
[Site "Karaman"]
[Date "2024.04.22"]
[Round "4"]
[White "Cetinavci, Irmak"]
[Black "Ozgor, Ezel"]
[Result "0-1"]
[ECO "A09"]
[WhiteElo "1607"]
[BlackElo "1741"]
[Annotator "NA RC COMBH"]
[PlyCount "90"]
[EventDate "2024.04.21"]
[EventType "team-tourn"]
[EventCountry "TUR"]
[SourceTitle "playchess.com"]
[Source "ChessBase"]
[SourceQuality "1"]
[TimeControl "5400+30"]

1. Nf3 d5 2. g3 Nf6 3. Bg2 c5 4. d3 Nc6 5. O-O e5 6. c4 d4 7. Nbd2 h6 8. b3 g5 9. Bb2 Bf5 10. a3 a5 11. Qc2 Qd7 12. Rfd1 Be7 13. Ne4 Nh5 14. Qd2 Rg8 15. Ne1 Be6 16. f3 f5 17. Nf2 Nf6 18. Nc2 h5 19. b4 f4 20. bxc5 Bxc5 21. Rf1 O-O-O 22. Rab1 Qg7 23. Qe1 Bd7 24. Ba1 g4 25. Ne4 Nxe4 26. fxe4 Rdf8 27. Rb3 Rf6 28. Rb1 Rgf8 29. Qd2 f3 30. Bh1 f2+ 31. Kg2 Qh7 32. h4 gxh3+ 33. Kh2 h4 34. gxh4 Qxh4 35. Bf3 Rxf3 36. exf3 Rxf3 37. Ne1 Qg3+ 38. Kh1 fxe1=Q 39. Rbxe1 Rxd3 40. Qc2 Bg4 41. Bb2 Bf3+ 42. Rxf3 Qxf3+ 43. Kg1 Qg3+ 44. Kf1 Rf3+ 45. Ke2 Rf2+ 0-1

[Event "Turkish Youth Teams U18 2024"]
[Site "Karaman"]
[Date "2024.04.22"]
[Round "4"]
[White "Donmez, Elif"]
[Black "Cetinavci, Duru"]
[Result "1/2-1/2"]
[ECO "B43"]
[WhiteElo "1506"]
[BlackElo "1449"]
[Annotator "NA RC COMBH"]
[PlyCount "72"]
[EventDate "2024.04.21"]
[EventType "team-tourn"]
[EventCountry "TUR"]
[SourceTitle "playchess.com"]
[Source "ChessBase"]
[SourceQuality "1"]
[TimeControl "5400+30"]

1. e4 c5 2. Nf3 e6 3. d4 cxd4 4. Nxd4 a6 5. Nc3 Qc7 6. Be2 Nf6 7. f3 Bc5 8. Be3 d6 9. Qd2 Bb4 10. Nb3 d5 11. Bg5 Nbd7 12. Qd4 Bxc3+ 13. bxc3 dxe4 14. fxe4 O-O 15. g4 b5 16. h4 Nxe4 17. c4 Qg3+ 18. Kf1 Bb7 19. Rg1 e5 20. Qe3 Qxe3 21. Bxe3 bxc4 22. Bxc4 Rac8 23. Bd3 Nd6 24. Rd1 Nf6 25. Bxh7+ Kxh7 26. Rxd6 Rxc2 27. Rd2 Rxd2 28. Nxd2 Ne4 29. Nxe4 Bxe4 30. Ke2 Rc8 31. Rc1 Rxc1 32. Bxc1 Kg6 33. Bb2 Kf6 34. Ke3 Bd5 35. a3 Ke6 36. Bc3 Bc6 1/2-1/2

[Event "Turkish Youth Teams U18 2024"]
[Site "Karaman"]
[Date "2024.04.22"]
[Round "4"]
[White "Kilic, Melis"]
[Black "Buyuk, Elvin Esma"]
[Result "0-1"]
[ECO "D01"]
[WhiteElo "1455"]
[BlackElo "1708"]
[Annotator "NA RC COMBH"]
[PlyCount "138"]
[EventDate "2024.04.21"]
[EventType "team-tourn"]
[EventCountry "TUR"]
[SourceTitle "playchess.com"]
[Source "ChessBase"]
[SourceQuality "1"]
[TimeControl "5400+30"]

1. d4 d5 2. Nc3 Nf6 3. Bg5 Nbd7 4. f3 h6 5. Bxf6 Nxf6 6. e4 e6 7. exd5 Nxd5 8. Qd2 Be7 9. Nh3 a6 10. Nxd5 Qxd5 11. Nf4 Qd8 12. O-O-O b5 13. Qe3 c6 14. Bd3 Qc7 15. h4 Bb7 16. Kb1 O-O-O 17. Be4 Bd6 18. Ne2 Rhe8 19. c3 f5 20. Bc2 f4 21. Qd2 e5 22. Bg6 Rf8 23. Qc2 Kb8 24. Nc1 exd4 25. cxd4 c5 26. dxc5 Qxc5 27. Nb3 Qxc2+ 28. Bxc2 Rfe8 29. Rhe1 Rxe1 30. Rxe1 Bb4 31. Re6 Rd6 32. Re8+ Kc7 33. Rg8 Rd7 34. Bf5 Re7 35. Bd3 Bd5 36. Rh8 Re5 37. Rh7 Re7 38. Kc2 Be1 39. h5 Bh4 40. Nc5 Kb6 41. Ne4 Rc7+ 42. Kd2 Bxa2 43. Ke2 Bd5 44. Nd6 Bf6 45. Ne8 Re7+ 46. Kd2 Rxe8 47. Bg6 Rd8 48. Kc2 Bg8 49. Bf5 Bxh7 50. Bxh7 Rd5 51. Be4 Rxh5 52. b3 Rh2 53. Kd3 Rxg2 54. Bf5 h5 55. Ke4 g5 56. Kd5 Re2 57. Kd6 Re3 58. Be4 h4 59. Bf5 Rxf3 60. Bg4 Rxb3 61. Bf5 f3 62. Bg4 f2 63. Be2 h3 64. Bf1 h2 65. Bg2 h1=Q 66. Bxh1 f1=Q 67. Bd5 Qf4+ 68. Kd7 Qc7+ 69. Ke8 Qe7# 0-1

[Event "Turkish Youth Teams U18 2024"]
[Site "Karaman"]
[Date "2024.04.23"]
[Round "5"]
[White "Durak, Can"]
[Black "Tarhan, Adar"]
[Result "0-1"]
[ECO "C47"]
[WhiteElo "2446"]
[BlackElo "2446"]
[Annotator "TA"]
[PlyCount "24"]
[EventDate "2024.04.21"]
[EventType "team-tourn"]
[EventCountry "TUR"]
[SourceTitle "playchess.com"]
[Source "ChessBase"]
[SourceQuality "1"]
[TimeControl "5400+30"]

1. e4 Nc6 2. Nf3 e5 3. Nc3 Nf6 4. d4 exd4 5. Nxd4 Bb4 6. Nxc6 bxc6 7. Bd3 d5 8. Bd2 Bg4 9. Qc1 O-O 10. O-O Re8 11. Re1 {[%emt 0:01:30] [#]} (11. Nxd5 $11 {keeps the balance.} Nxd5 (11... cxd5 12. Bxb4 dxe4 13. Bb5 $14) 12. exd5 Bxd2 13. Qxd2) 11... dxe4 $1 $17 12. Nxe4 {[%emt 0:02:30][%mdl 8192] [#]} (12. Bc4 $17 {might work better.}) 12... Rxe4 $1 {[%emt 0:00:30][%mdl 512] White got outplayed after the opening.   Weighted Error Value: White=0.91/Black=0.03 (flawless) .  Loses game:     	White=1     	---        Mistake:       	White=1     	---        OK:         	White=2     	Black=1      Strong:       	---       	Black=1      Brilliant:      	---       	Black=1} 0-1

[Event "Turkish Youth Teams U18 2024"]
[Site "Karaman"]
[Date "2024.04.23"]
[Round "5"]
[White "Camlar, Arda"]
[Black "Taspinar, Yanki"]
[Result "1/2-1/2"]
[ECO "C47"]
[WhiteElo "2389"]
[BlackElo "2298"]
[Annotator "TA"]
[PlyCount "63"]
[EventDate "2024.04.21"]
[EventType "team-tourn"]
[EventCountry "TUR"]
[SourceTitle "playchess.com"]
[Source "ChessBase"]
[SourceQuality "1"]
[TimeControl "5400+30"]

1. e4 e5 2. Nf3 Nc6 3. Nc3 Nf6 4. a4 d5 5. exd5 Nxd5 6. Bb5 Nxc3 7. bxc3 Bd6 8. O-O {[%emt 0:01:30][%cal Of3e5] The position is equal.} O-O 9. d4 exd4 10. cxd4 Bg4 11. c3 Qf6 12. h3 Bxf3 13. Qxf3 Qxf3 14. gxf3 Ne7 15. Bc4 Ng6 16. Re1 Nf4 17. h4 h6 18. Rb1 b6 19. Rb5 g6 20. Re4 a6 21. Rb1 g5 22. Kf1 ({Much less strong is} 22. hxg5 $6 hxg5 23. Bxf4 Bxf4 $16) 22... Kg7 23. hxg5 hxg5 24. Bxf4 Bxf4 25. Ke2 Rh8 26. Bd5 Rab8 27. Kd3 Kf6 28. Re2 Bd6 29. c4 a5 {[%emt 0:03:30] Black is slightly better.} 30. Rb5 Rbd8 31. Rb1 Rh4 32. Re4 {[%emt 0:00:30] Weighted Error Value: White=0.05 (flawless) /Black=0.03 (flawless) .  Inaccurate:     	White=1     	---        OK:         	White=9     	Black=14} 1/2-1/2

[Event "Turkish Youth Teams U18 2024"]
[Site "Karaman"]
[Date "2024.04.23"]
[Round "5"]
[White "Ince, Taylan Ruzgar"]
[Black "Senel, Hayri Beyhun"]
[Result "1/2-1/2"]
[ECO "E06"]
[WhiteElo "2258"]
[BlackElo "1961"]
[Annotator "TA"]
[PlyCount "117"]
[EventDate "2024.04.21"]
[EventType "team-tourn"]
[EventCountry "TUR"]
[SourceTitle "playchess.com"]
[Source "ChessBase"]
[SourceQuality "1"]
[TimeControl "5400+30"]

1. Nf3 d5 2. d4 Nf6 3. c4 e6 4. g3 Be7 5. Bg2 Ne4 6. Nc3 f5 7. Bf4 c6 8. O-O {[%emt 0:03:30] White is slightly better.} Nd7 9. h4 h6 10. Nxe4 dxe4 11. Ne5 Nxe5 12. Bxe5 Bf6 13. e3 O-O 14. Qc2 Bxe5 15. dxe5 Qa5 16. Rfd1 Qxe5 17. c5 b6 18. cxb6 axb6 19. Qxc6 Ba6 20. Rd4 Bd3 21. Qd6 (21. a4 {seems wilder.} Rac8 22. Qxb6 Rb8 23. Qd6) 21... Qxd6 (21... Qf6 $11) 22. Rxd6 $14 Bc4 23. a3 (23. Rxb6 $14 Rxa2 24. Rxa2 Bxa2 25. f3) 23... Rab8 $11 24. Rc1 Bd5 25. Bf1 Rfd8 26. Rxd8+ Rxd8 {[%emt 0:00:30][%mdl 4096] Endgame. KRB-KRB} 27. Rc7 g5 28. Bc4 Bxc4 29. Rxc4 {[%emt 0:00:30] KR-KR} Kf7 30. Rc7+ Kf6 31. Rb7 Rd1+ 32. Kg2 Rd6 33. a4 Rc6 34. b4 Kg6 35. b5 Rd6 36. Rb8 g4 {[%emt 0:05:20] [#]} (36... Kf6 $11) 37. Kf1 (37. Ra8 $1 $16 {[%cal Ra8a6] Black must now prevent Ra6.} Kf6 38. Ra6) 37... Kf6 $14 38. Ke2 {[%emt 0:00:09] Dodges Rd1} Kg6 ({Better is} 38... Ke5 $14 39. Rh8 Kf6) 39. Ra8 $16 {[%emt 0:01:06] And now Ra6 would win.} Kf6 40. h5 ({White should try} 40. Ra6 $16 {Hoping for a5.} Ke5 41. a5 bxa5 42. b6 (42. Rxa5 Rd5 $11)) 40... Rd7 $2 {[%emt 0:02:44] [#]} (40... Kg5 41. Ra6 Rd3 (41... Kxh5 $2 {perishes.} 42. a5 $18) 42. Rxb6 $18) (40... Rd3 $1 $11 {and Black is okay.}) 41. Rg8 $2 (41. Ra6 $1 $18 Rb7 42. Kd2) 41... Ra7 42. Rg6+ Ke5 $1 43. Rxh6 Rxa4 44. Rh8 Ra7 45. h6 Rc7 46. Rg8 Rh7 47. Rb8 Rxh6 48. Rxb6 Rh7 49. Rb8 Kd5 50. Kd2 Kc5 51. b6 Rd7+ 52. Kc3 Rd3+ 53. Kc2 Rd6 54. b7 (54. Kc3 $11 {keeps the balance.}) 54... Kb6 {[%emt 0:00:15] Black is better.} 55. Re8 Kxb7 56. Rh8 Kc6 57. Ra8 Kd5 58. Kd2 Ke5+ 59. Ke2 {[%emt 0:00:04] Weighted Error Value: White=0.19 (very precise) /Black=0.15 (very precise) .  Loses game:     	---       	Black=1      Missed win:     	White=1     	---        Mistake:       	White=4     	Black=3      Inaccurate:     	White=2     	Black=1      OK:         	White=21    	Black=23     Best:        	---       	Black=3      Strong:       	---       	Black=1} 1/2-1/2

[Event "Turkish Youth Teams U18 2024"]
[Site "Karaman"]
[Date "2024.04.23"]
[Round "5"]
[White "Engin, Onur Cinar"]
[Black "Dogan, Umut Anil"]
[Result "1-0"]
[ECO "C18"]
[WhiteElo "2101"]
[BlackElo "1983"]
[Annotator "TA"]
[PlyCount "159"]
[EventDate "2024.04.21"]
[EventType "team-tourn"]
[EventCountry "TUR"]
[SourceTitle "playchess.com"]
[Source "ChessBase"]
[SourceQuality "1"]
[TimeControl "5400+30"]

1. e4 e6 2. d4 d5 3. Nc3 Bb4 4. e5 c5 5. Qg4 Ne7 6. a3 Bxc3+ 7. bxc3 Qc7 8. Qxg7 Rg8 9. Qxh7 cxd4 10. Ne2 dxc3 11. f4 Nbc6 12. Qd3 Nf5 13. Qxc3 Bd7 14. g3 d4 15. Qc5 Rc8 16. Bh3 (16. Bg2 $142) 16... b6 $11 17. Qc4 Qb7 ({Don't play} 17... b5 18. Qd3 $11) (17... Nce7 $11 18. Qxc7 Rxc7) 18. Bg2 $1 $14 Nce7 (18... Na5 $14 19. Bxb7 Rxc4) 19. Bxb7 $16 Rxc4 20. Be4 Bc6 21. Bd3 Rxc2 22. Bxc2 Bxh1 23. Bb2 Rh8 24. h4 Ne3 25. Bd3 Bd5 26. Rc1 ({Don't take} 26. Nxd4 Rg8 $16) 26... Kd8 27. Bxd4 ({Don't do} 27. Nxd4 $6 Rg8 $16) 27... N3f5 28. Bf2 Rg8 29. Kd2 Bf3 30. Rg1 Bg4 (30... Nd5 $16 {is a better defense.} 31. Bxf5 exf5) 31. Nc3 $18 Kc8 32. Ne4 Nd5 33. Ng5 Nh6 34. Ne4 Nf5 35. Be2 Nh6 36. Nd6+ Kd7 37. Bb5+ Ke7 38. Rc1 {[%emt 0:00:26] And now Nc8+ would win.} f6 39. Rc8 Rd8 40. exf6+ Nxf6 41. Rxd8 Kxd8 42. Bd4 Nh5 43. Bf2 $2 ({White must play} 43. Ne4 $18) 43... Bf3 $2 (43... Nf6 $1 $11 {and Black has nothing to worry.} 44. Ke1 Nh5) 44. Nc4 Ng4 45. Be1 Nhf6 46. Kd3 Nh6 (46... Ke7 $142 47. Bb4+ Kd8) 47. Ne5 Be4+ 48. Ke2 Kc7 49. Bc4 Bf5 50. Kf3 Be4+ 51. Ke3 Bf5 52. Bd3 Bh3 53. Bb4 Nf5+ 54. Kf3 {[%emt 0:00:52] [#] g4 is the strong threat.} Nd4+ 55. Ke3 Nf5+ 56. Kf2 Ng4+ 57. Kf3 Nd4+ (57... Nh2+ {might work better.} 58. Kf2 Ng4+ 59. Nxg4 Bxg4) 58. Ke4 Nf5 {[%emt 0:00:00] [#] aiming for ...Bg2+.} 59. Nxg4 Bxg4 {[%emt 0:00:07][%mdl 4096] Endgame. KBB-KBN} 60. Ke5 Nxg3 61. Bc4 Kd7 62. Kf6 Bf5 $2 (62... Ne4+ 63. Ke5 Nc5 64. Bxc5 bxc5) 63. Bb5+ {[%emt 0:00:27] A strong pair of Bishops.} Kd8 64. Be7+ Kc7 65. Be8 {[%emt 0:00:30] Strongly threatening h5.} Bg4 66. Kg5 Bf3 (66... Bf5 $142 67. h5 Bh7) 67. h5 {[%emt 0:00:20] h6 would now be deadly.} Nxh5 68. Bxh5 Be4 69. Be8 a6 70. Kf6 Bd5 71. Ke5 {[%emt 0:00:00] White mates.} Bb3 72. Bd6+ Kd8 73. Bf7 Kd7 74. f5 exf5 75. Bxb3 f4 76. Be6+ Kc6 77. Bd5+ Kb5 78. Kxf4 Ka4 79. Bb7 Ka5 80. Ke4 {[%emt 0:00:00] Weighted Error Value: White=0.28 (precise) /Black=0.27 (precise) .  Loses game:     	---       	Black=1      Missed win:     	White=1     	---        Mistake:       	White=1     	Black=7      Inaccurate:     	White=1     	Black=3      OK:         	White=25    	Black=20     Best:        	White=5     	Black=3      Strong:       	White=1     	---} 1-0

[Event "Turkish Youth Teams U18 2024"]
[Site "Karaman"]
[Date "2024.04.23"]
[Round "5"]
[White "Yildiz, Serdar Murat"]
[Black "Akin, Duru"]
[Result "1-0"]
[ECO "B77"]
[WhiteElo "2021"]
[BlackElo "1702"]
[Annotator "TA"]
[PlyCount "57"]
[EventDate "2024.04.21"]
[EventType "team-tourn"]
[EventCountry "TUR"]
[SourceTitle "playchess.com"]
[Source "ChessBase"]
[SourceQuality "1"]
[TimeControl "5400+30"]

1. e4 c5 2. Nf3 d6 3. d4 cxd4 4. Nxd4 Nf6 5. Nc3 g6 6. Be3 Bg7 7. f3 Nc6 8. Qd2 O-O 9. Bc4 Nd7 10. O-O-O Nb6 {[%emt 0:00:30] [#]} 11. Be2 $1 Na5 12. b3 {[%emt 0:03:00] Wards off Nac4} Bd7 (12... a6 $142) 13. Bh6 Bxh6 {[%emt 0:14:30] White is better.} 14. Qxh6 Qc7 (14... Rc8 $142) 15. Rd3 {[%emt 0:14:30] White has more active pieces.} (15. Nd5 $142 Nxd5 16. exd5) 15... Rfc8 ({Better is} 15... Kh8) 16. f4 $16 Qc5 17. Nf3 $40 {[%emt 0:11:30][%mdl 128] aiming for Ng5. White goes for the king.} Qa3+ (17... Qh5 {is a better defense.} 18. Qxh5 gxh5) 18. Kd2 Nbc4+ $2 (18... Rxc3 19. Rxc3 Qb4) 19. bxc4 $18 {[%emt 0:01:30] White is clearly winning.} Nxc4+ 20. Ke1 {[%emt 0:01:30] Ng5 would kill now.} Nb2 21. Nd5 {[%emt 0:05:30] Intending Ng5 and mate.} (21. Nd1 Nxd3+ 22. Bxd3 f6 $16) 21... Nxd3+ 22. Bxd3 Rxc2 23. Bxc2 {[%emt 0:03:30] Threatening mate with Ng5.} Qc1+ 24. Bd1 {[%emt 0:01:30][%cal Of3g5] White threatens Ng5! and mate.} Ba4 {[%emt 0:01:30] [#]} 25. Kf2 $1 Bc6 26. Nxe7+ Kh8 27. Nxc6 bxc6 28. Bb3 Qb2+ 29. Kg3 {[%emt 0:00:14] Weighted Error Value: White=0.36/Black=0.42.  Mistake:       	White=1     	Black=5      Inaccurate:     	---       	Black=1      OK:         	White=4     	Black=2      Best:        	---       	Black=1} 1-0

[Event "Turkish Youth Teams U18 2024"]
[Site "Karaman"]
[Date "2024.04.23"]
[Round "5"]
[White "Yilmaz, Kerem Tuna"]
[Black "Gungor, Cihan Akif"]
[Result "1/2-1/2"]
[ECO "C68"]
[WhiteElo "2009"]
[BlackElo "1927"]
[Annotator "TA"]
[PlyCount "81"]
[EventDate "2024.04.21"]
[EventType "team-tourn"]
[EventCountry "TUR"]
[SourceTitle "playchess.com"]
[Source "ChessBase"]
[SourceQuality "1"]
[TimeControl "5400+30"]

1. e4 e5 2. Nf3 Nc6 3. Bb5 a6 4. Bxc6 dxc6 5. Nc3 f6 6. d4 exd4 7. Qxd4 Qxd4 8. Nxd4 Bd7 9. Be3 O-O-O 10. O-O-O Ne7 11. Nb3 b6 12. f3 Ng6 13. Ne2 Ne5 14. h4 {[%emt 0:18:30] Black has an edge.} Kb7 15. h5 Bd6 16. Bf4 c5 17. Kb1 Be6 18. Nc3 c6 19. Nc1 b5 20. N1e2 b4 (20... Rd7 $15) 21. Na4 $14 Bc4 {[%emt 0:01:30] [#]} (21... Rhe8 $14) 22. Ng3 $1 $16 Bb5 (22... Be6 $16 {was necessary.}) 23. Nf5 $1 $18 Bxa4 24. Nxd6+ Kc7 (24... Kb6 {was worth a try.} 25. h6 (25. Bxe5 fxe5 26. Nf7 Rxd1+ 27. Rxd1 Re8 $18) 25... gxh6 26. Rxh6 Nf7 27. Rxf6 (27. Nxf7 Rxd1+ 28. Bc1 Rg8 $17) 27... Nxd6) 25. Bxe5 fxe5 26. Nf7 Rxd1+ 27. Rxd1 {[%emt 0:00:11][%mdl 4096] Endgame. KRB-KRN} Re8 28. b3 Bb5 {[%emt 0:00:30] [#]} 29. Nh6 $4 c4 $2 (29... gxh6 $19 30. a4 bxa3) 30. bxc4 (30. Nf5 $14) 30... Bxc4 $11 31. Ng4 Be6 32. Nf6 $2 Rh8 $2 (32... gxf6 $19 33. Rd2 Rd8 34. Rxd8 Kxd8) 33. Rh1 $2 h6 $2 (33... gxf6 $19 {and Black stays clearly on top.} 34. g3 a5) 34. g3 $2 Kd6 $2 (34... gxf6 $19 {is more deadly.} 35. f4 exf4 36. gxf4 Rg8) 35. f4 $2 Ke7 (35... gxf6 $142 36. Rd1+ Ke7) 36. fxe5 $2 (36. f5 {is the only way for White.} gxf6 (36... Kxf6 $2 37. fxe6 Kxe6 38. Rg1 $17) 37. fxe6) 36... Bf7 $2 (36... gxf6 $19 37. exf6+ Kxf6) 37. Rd1 $2 Rd8 $2 (37... gxf6 $19 {has better winning chances.} 38. exf6+ Kxf6 39. Rd6+ Kg5 40. Rxc6 Re8 (40... Kxh5 $2 41. Rxa6 Re8 42. Ra7 $19) (40... Bxh5 $2 41. a3 $19) 41. Rxa6 Rxe4 (41... Bxh5 $2 42. e5 $19) (41... Kxh5 $2 42. Ra7 $19)) 38. Rh1 $2 (38. Rxd8 $17 Kxd8 39. Ng4) 38... Rh8 $2 ({Better is} 38... gxf6 $19 39. exf6+ Kxf6 40. Rf1+ Ke7) 39. Ng4 Ke6 {[%emt 0:00:30][%mdl 1024] Black has compensation.} 40. Ne3 Be8 41. Rf1 {[%emt 0:04:52] Weighted Error Value: White=1.59/Black=1.49.  Loses game:     	White=6     	---        Missed win:     	White=1     	Black=7      Mistake:       	White=3     	Black=5      Inaccurate:     	White=2     	Black=1      OK:         	White=5     	Black=6      Best:        	White=1     	---        Strong:       	White=1     	---} (41. Nc4 $11 {keeps the balance.}) 1/2-1/2

[Event "Turkish Youth Teams U18 2024"]
[Site "Karaman"]
[Date "2024.04.23"]
[Round "5"]
[White "Buyuk, Eymen Eren"]
[Black "Oktem, Ege Tuna"]
[Result "0-1"]
[ECO "C01"]
[WhiteElo "1998"]
[BlackElo "2076"]
[Annotator "TA"]
[PlyCount "70"]
[EventDate "2024.04.21"]
[EventType "team-tourn"]
[EventCountry "TUR"]
[SourceTitle "playchess.com"]
[Source "ChessBase"]
[SourceQuality "1"]
[TimeControl "5400+30"]

1. e4 e6 2. d4 d5 3. Nc3 Nf6 4. exd5 exd5 5. Bg5 Be7 6. Qd2 c6 7. Bd3 Ne4 8. Bxe7 Qxe7 {[%emt 0:00:30] White is slightly better.} 9. Bxe4 f5 {[%emt 0:00:30] [#] Against f3} 10. O-O-O $1 {[%emt 0:00:30][%cal Oe4d5] Black must now prevent Bxd5!} fxe4 11. Re1 O-O 12. f3 b5 (12... Bf5 $1 $11 {keeps the balance.}) 13. fxe4 $16 b4 14. Na4 dxe4 15. Nc5 Bf5 16. Qxb4 Nd7 17. Qc4+ (17. Ne2 $16) 17... Kh8 $14 18. Nxd7 Qxd7 (18... Qg5+ $1 $14 19. Kb1 Bxd7) 19. Ne2 $16 Be6 {[%emt 0:01:30] [#]} 20. Qc5 Rf5 21. Qa3 Rf2 22. Rhf1 Rxg2 23. Nf4 Rxh2 24. Nxe6 (24. Rxe4 Bf5 25. Ne2 Rh1 $15 (25... Bxe4 26. Rf8+ Rxf8 27. Qxf8#)) 24... Qxe6 25. Rxe4 Rxc2+ 26. Kb1 (26. Kd1 $5 Rc1+ $8 (26... Qxe4 27. Rf8+ Rxf8 28. Qxf8#) (26... Rd2+ $2 27. Kxd2 Qh6+ 28. Kc2 $18) 27. Kxc1 Qc4+ (27... Qxe4 28. Rf8+ Rxf8 29. Qxf8#) 28. Kd2 Qxf1 29. Qxa7 $11) 26... Rc1+ (26... Qxe4 27. Rf8+ Rxf8 28. Qxf8#) 27. Kxc1 Qc4+ (27... Qxe4 28. Rf8+ Rxf8 29. Qxf8#) 28. Kd2 $1 Qxf1 29. Qxa7 $1 $11 {[%emt 0:01:12][%mdl 4096] Endgame. KQR-KQR} Qg2+ 30. Kc3 Qf3+ (30... Rxa7 31. Re8#) 31. Kc4 Qf1+ (31... Rxa7 32. Re8+) 32. Kc3 {[%emt 0:00:30] [#]} (32. Kb4 $11 {was the only way to keep the balance.} Rd8 (32... Rxa7 33. Re8+) (32... Qb5+ 33. Kc3 $11) 33. Qc7 Qb5+ 34. Kc3) 32... Qc1+ (32... Rxa7 33. Re8+) (32... Rf8 $1 $17 {[%cal Rf8f3] ( -> ...Rf3+)} 33. Qe7 Qc1+ 34. Kd3 Rg8) 33. Kb3 $2 (33. Kd3 $15 Rg8 (33... Rxa7 34. Re8#) (33... Qf1+ 34. Kd2 $15) 34. Re2) 33... Rf8 $19 {[%emt 0:01:30] And now ...Rf3+ would win.} ({Inferior is} 33... Rxa7 34. Re8#) (33... Qd1+ 34. Kc3 Qc1+ (34... Rxa7 35. Re8#) (34... Qf3+ 35. Kd2 $15) 35. Kd3 $11) 34. Qc5 $2 (34. Re5 $19) 34... Rb8+ 35. Ka4 Qxb2 {[%emt 0:00:30] Weighted Error Value: White=0.46/Black=0.16 (very precise) .  Loses game:     	White=1     	---        Mistake:       	White=3     	Black=3      Inaccurate:     	White=2     	Black=2      OK:         	White=10    	Black=13     Best:        	White=4     	Black=5      Strong:       	White=2     	---} 0-1

[Event "Turkish Youth Teams U18 2024"]
[Site "Karaman"]
[Date "2024.04.23"]
[Round "5"]
[White "Orhon, Bora"]
[Black "Basdar, Atakan"]
[Result "1-0"]
[ECO "C11"]
[WhiteElo "1997"]
[BlackElo "1808"]
[Annotator "TA"]
[PlyCount "85"]
[EventDate "2024.04.21"]
[EventType "team-tourn"]
[EventCountry "TUR"]
[SourceTitle "playchess.com"]
[Source "ChessBase"]
[SourceQuality "1"]
[TimeControl "5400+30"]

1. e4 e6 2. d4 d5 3. Nc3 Nf6 4. e5 Nfd7 5. Nce2 c5 6. c3 Nc6 7. Nf3 f6 8. Nf4 Qe7 9. Bd3 {[%emt 0:16:30] 0-0 is the strong threat.} fxe5 {[%emt 0:08:30] [#]} 10. Ng6 hxg6 $15 11. Bxg6+ Kd8 12. Bg5 Nf6 {[%emt 0:00:00] Hoping for ...exd4.} 13. dxe5 {[%emt 0:02:30][%cal Oh2h4] [#]} Kc7 $1 14. Qd2 (14. exf6 gxf6 15. Bf4+ e5 $17) (14. h4 Qd8) 14... Qd8 15. exf6 (15. O-O-O $11) 15... gxf6 $17 16. Bf4+ e5 17. Bg3 Be6 18. Nh4 Bh6 ({Black should play} 18... Qd7 {...f5 would now be deadly.} 19. Bc2 Rd8) 19. Qc2 {[%emt 0:00:30] Dodges f5} Ne7 20. O-O Bf4 21. c4 $1 d4 22. Bxf4 exf4 23. Rfe1 Qd7 24. Nf3 Rag8 $1 25. Qe4 Rxg6 (25... Bxc4 $6 26. Qxf4+ (26. Qxe7 Rxg6 27. Qxc5+ Kb8 $17) 26... Kb6 27. Qxf6+ Qc6 28. Qxc6+ Nxc6 29. Be4 $16) (25... Nxg6 $17 26. Qxe6 Qg7) 26. Qxe6 $11 Qxe6 27. Rxe6 Nc6 28. Rae1 Rhg8 29. g3 fxg3 30. fxg3 a6 31. b3 f5 32. Kf2 Kd7 {[%emt 0:03:38] [#]} (32... Rxe6 $11 33. Rxe6 Nb4) 33. Rxg6 $1 $16 Rxg6 {[%emt 0:00:30] [#]} 34. Ne5+ $1 (34. Re5 b6 $16) 34... Nxe5 35. Rxe5 {[%emt 0:00:00][%mdl 4096] Endgame. KR-KR} Rh6 $2 (35... f4 $16) 36. h4 $18 (36. Rxc5 Rxh2+ 37. Kf3 Ke6 $11) 36... f4 37. Rxc5 fxg3+ 38. Kxg3 Rg6+ 39. Kf3 Rf6+ 40. Kg3 (40. Ke2 $142) 40... Rg6+ $1 41. Rg5 d3 $2 (41... Rxg5+ $2 42. hxg5 Ke6 43. Kf4 $18) (41... Rh6 $18 42. Rd5+ Kc6 43. Rxd4 Kc5) 42. Rxg6 d2 43. Rg5 {[%emt 0:00:00] Weighted Error Value: White=0.25 (precise) /Black=0.40.  Mistake:       	White=3     	Black=5      Inaccurate:     	White=3     	Black=3      OK:         	White=8     	Black=9      Best:        	White=4     	Black=7      Strong:       	White=3     	Black=2} ({And not} 43. Rg7+ Ke6 44. Rg6+ (44. Rxb7 $2 {too greedy.} d1=Q $19) 44... Ke7 45. Rg7+ Ke8 46. Rg8+ (46. Rxb7 $2 {is the wrong capture.} d1=Q $19) (46. Rd7 $2 Kxd7 47. b4 d1=Q $19) 46... Ke7 47. Rg7+ (47. Rd8 $2 Kxd8 48. h5 d1=Q $19) 47... Ke6 48. Rg6+ (48. Rxb7 $2 d1=Q $19) 48... Ke7 49. Rg7+ $11) 1-0